 Seeded DCSS version 0.30-a0-824-g6c64550be9 (webtiles) character file.

Game seed: 9331076736442848257 (custom seed)

135 Mickster the Trooper (level 5, -1/47 HPs)
             Began as a Hill Orc Berserker on Feb 28, 2023.
             Was a Believer of Trog.
             Slain by Grinder (5 damage)
             ... on level 3 of the Dungeon.
             The game lasted 00:19:00 (2586 turns).

Mickster the Trooper (Hill Orc Berserker)           Turns: 2586, Time: 00:19:00

Health: -1/47      AC:  8    Str: 22    XL:     5   Next: 18%
Magic:  5/5        EV: 14    Int:  7    God:    Trog [**....]
Gold:   91         SH:  0    Dex: 16    Spells: 4/4 levels left

rFire   . . .      SeeInvis .    d - +2 mace (heavy)
rCold   x . .      Faith    .    (no shield)
rNeg    . . .      Spirit   .    i - +0 chain mail
rPois   .          Reflect  .    (no helmet)
rElec   .          Harm     .    (no cloak)
rCorr   .          Rampage  .    (no gloves)
Will    .....                    (no boots) Stlth
                                 (no amulet)
HPRegen 0.27/turn                g - +6 ring of dexterity
MPRegen 0.09/turn                k - +5 ring of evasion

@: no status effects
A: passive freeze, cold vulnerability 1, sturdy frame 1
a: Renounce Religion, Berserk, Trog's Hand


You were on level 3 of the Dungeon.
You worshipped Trog.
Trog was pleased with you.
You visited 1 branch of the dungeon, and saw 3 of its levels.

You collected 91 gold pieces.

Inventory:

Hand Weapons
 a - a +0 hand axe of flaming
 d - a +2 heavy mace (weapon)
 l - a +0 sling
 m - a +0 sling
Missiles
 c - 13 stones
 e - 7 poisoned darts (quivered)
Armour
 b - a +0 animal skin
 f - a +0 leather armour
 i - a +0 chain mail (worn)
Jewellery
 g - a +6 ring of dexterity (left hand)
 k - a +5 ring of evasion (right hand)
Scrolls
 j - 2 scrolls of magic mapping
Potions
 h - a potion of heal wounds {unknown}


   Skills:
 + Level 4.6 Fighting
 - Level 4.5(5.1) Axes
 * Level 2.7(3.6) Maces & Flails
 + Level 0.2 Throwing
 + Level 2.3 Armour
 + Level 2.4 Dodging
 + Level 0.5 Stealth


You had 4 spell levels left.
You didn't know any spells.
Your spell library contained the following spells:

 Spells                   Type           Power      Damage    Failure   Level
 Freeze                   Ice            0%         1d3       94%         1
 Frozen Ramparts          Ice            0%         1d1       100%        3
 Hailstorm                Conj/Ice       0%         3d3       100%        3
 Portal Projectile        Hex/Tloc       0%         N/A       100%        3
 Tukima's Dance           Hex            0%         N/A       100%        3
 Blade Hands              Tmut           0%         N/A       100%        5


Dungeon Overview and Level Annotations

Branches:
Dungeon (3/15)

Altars:

Annotations:
D:3 Grinder


Innate Abilities, Weirdness & Mutations

A frigid envelope surrounds you and freezes all who hurt you.
You are vulnerable to cold. (rC-)
Your movements are slightly less encumbered by armour. (ER -2)


Message History

Grinder gestures at you. Pain shoots through your body!
You see here a +0 dagger.
Throw: 9 darts (poison)
Press: ? - help, Q - select action, (/) - cycle Shift-Dir - straight line, f - Grinder
Aim: Grinder (58% to hit)
You throw a poisoned dart. The poisoned dart hits Grinder.
Throw: 8 darts (poison)
Press: ? - help, Q - select action, (/) - cycle Shift-Dir - straight line, f/p - Grinder
Aim: Grinder (58% to hit)
You throw a poisoned dart. The poisoned dart hits Grinder.
You hit Grinder but do no damage.
Grinder hits you. x2; You writhe in agony.
Grinder resists.
Grinder is very cold.
Grinder is lightly wounded.
You closely miss Grinder.
Grinder is lightly wounded.
Grinder gestures at you. Pain shoots through your body!
You closely miss Grinder.
Grinder is lightly wounded.
Grinder hits you.
You writhe in agony.
Grinder resists.
Grinder is very cold.
Grinder is lightly wounded.
Grinder hits you but does no damage.
Grinder completely resists.
You thump Grinder!
Grinder is moderately wounded.
Grinder barely misses you.
Grinder says, "Tell me all your secrets, or I'll kill you."
Grinder hits you but does no damage.
Grinder completely resists.
You sock Grinder!
Grinder is heavily wounded.
Grinder hits you.
* * * LOW HITPOINT WARNING * * *
You writhe in agony.
* * * LOW HITPOINT WARNING * * *
Grinder resists.
Grinder is very cold.
Grinder is severely wounded.
Grinder hits you.
* * * LOW HITPOINT WARNING * * *
You writhe in agony.
You die...

#.##.......#.#.# ####
#.##).......###.##
..........#.# #.. .#
.#..........# ..## .#
#.##.......#.# #>. ..
...........##.##(# .#
.....##.##.# ###(# .#
........# .# #5# .#
...#.#####.#####@####.#
#.
#.##...............<..##
#. ....# #########.....#
# #. #.#.# #.....##.# #.
#.#.# #........# #. ...
# #.....#### #. ....
#.....# #. ....# ###.###
##. ###.# #.# #..


You could see Grinder.

Vanquished Creatures
  6 adders
  3 gnolls (D:3)
  2 dart slugs
  4 bats
  4 endoplasms
  2 giant cockroaches (D:1)
  3 goblins
  5 hobgoblins
  4 jackals (D:2)
  2 quokkas
  6 ball pythons
  2 kobolds (D:1)
  2 rats (D:1)
45 creatures vanquished.

Notes
Turn   | Place    | Note
-------+----------+-------------------------------------------
     0 | D:1      | Mickster the Hill Orc Berserker began the quest for the
                  | Orb.
     0 | D:1      | Reached XP level 1. HP: 19/19 MP: 1/1
    67 | D:1      | HP: 1/20 [kobold/+0 dagger (1)]
   265 | D:1      | Reached XP level 2. HP: 15/27 MP: 2/2
   644 | D:1      | Gained mutation: You are vulnerable to cold. (rC-) [potion
                  | of mutation]
   644 | D:1      | Gained mutation: A frigid envelope surrounds you and
                  | freezes all who hurt you. [potion of mutation]
   644 | D:1      | Gained mutation: Your movements are slightly less
                  | encumbered by armour. (ER -2) [potion of mutation]
   812 | D:2      | Reached XP level 3. HP: 28/33 MP: 3/3
  1029 | D:2      | Reached ** piety under Trog
  1071 | D:2      | Reached skill level 1 in Maces & Flails
  1089 | D:2      | Found a faded altar of an unknown god.
  1538 | D:2      | Reached XP level 4. HP: 41/41 MP: 4/4
  2392 | D:3      | Reached XP level 5. HP: 32/47 MP: 5/5
  2566 | D:3      | Noticed Grinder
  2570 | D:3      | Paralysed by Grinder for 5 turns
  2586 | D:3      | Slain by Grinder

Illustrated notes

Levels and vault maps discovered:
D:1:      minmay_arrival_loop, layout_rooms
D:2:      layout_basic, basic_ecumenical_altar
D:3:      layout_loops_ring, mainiacjoe_overflow_catwalk,
          kennysheep_generic_room_7, uniq_grinder

Skill      XL: |  1  2  3  4 |
---------------+-------------+-----
Fighting       | 4 |  4.6
Maces & Flails | 1 2 |  2.7
Dodging        | 2 |  2.4
Axes           | |  4.5
Throwing       | |  0.2
Armour         | |  2.3
Stealth        | |  0.5

Action                     |  1- 3 |  4- 6 || total
---------------------------+-------+-------++-------
  Melee: Hand axe          |    33 |       ||    33
         Mace              |    25 |    33 ||    58
  Throw: Dart              |     3 |     4 ||     7
    Use: Scroll            |     5 |     2 ||     7
         Potion            |     2 |     1 ||     3
   Stab: Sleeping          |       |     1 ||     1
 Armour: Animal skin       |    16 |       ||    16
         Leather armour    |     1 |     6 ||     7
         Chain mail        |       |     4 ||     4
  Dodge: Dodged            |    77 |    42 ||   119

Table legend: (Time is in decaauts)
 A = Elapsed time spent in this place.
 B = Non-inter-level travel time spent in this place.
 C = Inter-level travel time spent in this place.
 D = Time resting spent in this place.
 E = Time spent auto-exploring this place.
 F = Levels seen in this place.
 G = Mean time per level.
                   A        B        C        D        E       F      G
               +--------+--------+--------+--------+--------+-----+--------+
         Total |   2636 |   2367 |    269 |    700 |      0 |   3 |  878.7 |
       Dungeon |   2636 |   2367 |    269 |    700 |      0 |   3 |  878.7 |
               +--------+--------+--------+--------+--------+-----+--------+

Top non-repeatable levels by time:
     D:2: 1429 daAuts
     D:1: 814 daAuts
     D:3: 392 daAuts
